 Dungeon Crawl Stone Soup version 0.30.1-4-g462c640d31 (webtiles) character file.

Game seed: 1942390350177421195

23266 Heoruswealwe the Eclecticist (level 12, -3/59 HPs)
             Began as a Deep Elf Conjurer on Aug 16, 2023.
             Was an Elder of Vehumet.
             Slain by an unseen horror (8 damage)
             ... on level 11 of the Dungeon.
             The game lasted 02:19:42 (12564 turns).

Heoruswealwe the Eclecticist (Deep Elf Conjurer)   Turns: 12564, Time: 02:19:43

Health: -3/59      AC:  0    Str:  4    XL:     12   Next: 70%
Magic:  36/36      EV: 20    Int: 29    God:    Vehumet [****..]
Gold:   224        SH:  0    Dex: 18    Spells: 3/48 levels left

rFire   . . .        a - melded staff of conjuration
rCold   . . .        (shield currently unavailable)
rNeg    . . .        c - melded +0 robe
rPois   .            g - melded +3 hat of Pondering {ponderous, Will+ MP+10 Int+5}
rElec   .            h - melded +0 cloak {rCorr}
rCorr   .            f - melded +0 pair of gloves
SInv    .            e - melded +3 pair of mountain boots {steadfast, rC+}
Will    +....        (no amulet)
Stlth   ++           k - melded ring of poison resistance
HPRegen 0.29/turn    j - melded ring of resist corrosion
MPRegen 0.25/turn

%: no passive effects
@: bat-form, flying, very quick
A: fast, flying, no casting, tiny
a: Renounce Religion


You were on level 11 of the Dungeon.
You worshipped Vehumet.
Vehumet was greatly pleased with you.
You were a bat.
You visited 2 branches of the dungeon, and saw 12 of its levels.
You also visited: Bailey.

You collected 768 gold pieces.
You spent 544 gold pieces at shops.

Inventory:

Hand Weapons
 b - a +3 vampiric scimitar
 N - a +2 battleaxe of freezing
Armour
 c - a +0 robe (melded)
 e - the +3 pair of mountain boots (melded) {steadfast, rC+}
   (You acquired it on level 5 of the Dungeon)

   Steadfast: It prevents involuntary movement, except for blinking,
   teleportation, or banishment.
   rC:        It protects you from cold.
 f - a +0 pair of gloves (melded)
 g - the +3 hat of Pondering (melded) {ponderous, Will+ MP+10 Int+5}
   (You took it off Gastronok on level 10 of the Dungeon)

   Int:       It affects your intelligence (+5).
   MP:        It affects your magic capacity (+10).
   Will:      It increases your willpower.
 h - a +0 cloak of preservation (melded)
Magical Staves
 a - a staff of conjuration (melded)
 m - a staff of death
 p - a staff of air
Jewellery
 j - a ring of resist corrosion (melded)
 k - a ring of poison resistance (melded)
 y - a ring of ice
 M - a ring of positive energy
Wands
 v - a wand of polymorph (14)
 F - a wand of iceblast (11)
 L - a wand of paralysis (18)
 X - a wand of mindburst (17)
Scrolls
 l - 2 scrolls of magic mapping
 n - 5 scrolls of immolation
 o - 5 scrolls of poison
 q - 3 scrolls of amnesia
 t - 4 scrolls of fog
 u - 4 scrolls of enchant armour
 w - 2 scrolls of fear
 E - 2 scrolls of teleportation
Potions
 d - 2 potions of flight {unknown}
 i - 6 potions of heal wounds {unknown}
 r - a potion of haste
 s - a potion of berserk rage {unknown}
 x - 2 potions of resistance {unknown}
 z - a potion of invisibility {unknown}
 A - a potion of ambrosia {unknown}
 B - 5 potions of curing
 C - a potion of degeneration {unknown}
 D - a potion of mutation {unknown}
 G - 3 potions of cancellation {unknown}
 J - a potion of might {unknown}
 K - 3 potions of lignification {unknown}


   Skills:
 - Level 2.4 Dodging
 - Level 2.4 Stealth
 + Level 18.8 Spellcasting
 + Level 16.3 Conjurations


You had 3 spell levels left.
You knew the following spells:

 Your Spells              Type           Power      Damage    Failure   Level
a - Magic Dart            Conj           100%       1d8       0%          1
b - Foxfire               Conj/Fire      100%       2x1d9     1%          1
c - Shock                 Conj/Air       100%       1d9       1%          1
d - Static Discharge      Conj/Air       100%       2-7/arc   1%          2
e - Searing Ray           Conj           100%       2d8       0%          2
f - Hailstorm             Conj/Ice       65%        3d14      1%          3
g - Dazzling Flash        Conj/Hex       100%       N/A       1%          3
h - Mephitic Cloud        Conj/Pois/Air  56%        N/A       1%          3
i - Fulminant Prism       Conj/Hex       32%        3d15      1%          4
j - Iskenderun's Mystic   Conj/Tloc      65%        2d13      1%          4
k - Irradiate             Conj/Tmut      32%        3d22      1%          5
l - Freezing Cloud        Conj/Ice/Air   28%        6-21      1%          5
m - Fireball              Conj/Fire      32%        3d14      1%          5
n - Iron Shot             Conj/Erth      32%        9d7       2%          6

Your spell library contained the following spells:

 Spells                   Type           Power      Damage    Failure   Level
 Beastly Appendage        Tmut           54%        N/A       1%          1
 Freeze                   Ice            100%       1d10      1%          1
 Sting                    Tmut/Pois      100%       1d8       1%          1
 Poisonous Vapours        Pois/Air       54%        N/A       1%          2
 Frozen Ramparts          Ice            54%        1d9       1%          3
 Ignite Poison            Fire/Tmut/Pois 27%        N/A       1%          3
 Inner Flame              Hex/Fire       27%        N/A       1%          3
 Blink                    Tloc           54%        N/A       2%          2
 Cigotuvi's Dreadful Rot  Necr/Pois/Air  54%        N/A       2%          2
 Wereblood                Tmut           27%        N/A       2%          2
 Call Canine Familiar     Summ           27%        N/A       4%          3
 Ozocubu's Armour         Ice            27%        N/A       4%          3
 Portal Projectile        Hex/Tloc       54%        N/A       4%          3
 Swiftness                Air            27%        N/A       4%          3
 Airstrike                Air            13%        2d(2-18)  4%          4
 Olgreb's Toxic Radiance  Pois           27%        N/A       4%          4
 Animate Armour           Summ/Erth      54%        N/A       16%         4
 Ice Form                 Ice/Tmut       27%        N/A       16%         4
 Leda's Liquefaction      Hex/Erth       13%        N/A       16%         4
 Manifold Assault         Tloc           27%        N/A       16%         4
 Summon Ice Beast         Ice/Summ       27%        N/A       16%         4
 Alistair's Intoxication  Tmut/Pois      18%        N/A       38%         5
 Borgnjor's Vile Clutch   Necr/Erth      13%        N/A       38%         5
 Eringya's Noxious Bog    Tmut/Pois      13%        N/A       50%         6
 Ozocubu's Refrigeration  Ice            13%        4d10      95%         7
 Malign Gateway           Summ/Tloc      13%        N/A       100%        7
 Monstrous Menagerie      Summ           13%        N/A       100%        7


Dungeon Overview and Level Annotations

Branches:
Dungeon (11/15)            Temple (1/1) D:5            Lair (0/5) D:8
 Bailey (visited)
    Orc: D:9-12

Altars:
Ashenzari
Cheibriados
Dithmenos
Elyvilon
Fedhas
Gozag
Hepliaklqana
Kikubaaqudgha
Makhleb
Nemelex Xobeh
Okawaru
Qazlal
Ru
Sif Muna
Trog
Uskayaw
Vehumet
Wu Jian
Xom
Yredelemnul
Zin
The Shining One

Shops:
D:10 :*

Annotations:
D:11 1 transporter, exclusion: ice statue, Psyche


Message History

Found a transporter.
There is a stone staircase leading up here.
Psyche the Insane Magess comes into view.
She is wielding a +2 dagger of chaos.
Psyche shouts!
Psyche casts a spell at you.
You turn into a bat.
Your staff of conjuration melds into your body.
Your +0 cloak of preservation melds into your body.
The +3 hat of Pondering {ponderous, Will+ MP+10 Int+5} melds into your body.
Your +0 pair of gloves melds into your body.
The +3 pair of mountain boots {steadfast, rC+} melds into your body.
Your +0 robe melds into your body.
Your ring of poison resistance melds into your body.
Your ring of resist corrosion melds into your body.
That put a bit of spring back into your step.
You feel your magic capacity decrease. Something barely misses you.
A yak comes into view.
Psyche casts a spell.
Psyche flickers and vanishes!
Deactivating autopickup; reactivate with Ctrl-A.
Found a scroll of enchant armour.
Something hits you!
Something hits you. 2 yaks come into view.
The yak bellows!
Something hits you! Something hits you!
You hear some strange, mumbled words.
A swirling arc of seething chaos appears!
An arc of chaos appears from out of thin air!
The arc of chaos hits something.
The arc of chaos hits you!
Something tries to affect you, but you resist.
Something hits you!
* * * LOW HITPOINT WARNING * * *
Something hits you!
* * * LOW HITPOINT WARNING * * *
The yak bellows!
You hear a bellow!
Something hits you!
You die...

..#.#.........#
D.#©#©........#
..#.#.........#####
~..##..............
.##...............
#...........####
............#
............#
......Y....b#
......?............
...................
...Y.Y............
##..#############
#..


You could see 3 yaks.

Vanquished Creatures
  Gastronok (D:10)
  4 two-headed ogres
  3 death yaks (D:8)
  Maurice (D:8)
  Joseph (D:8)
  A troll (D:9)
  A hornet (D:10)
  A shadow (D:10)
  3 yaks (D:9)
  A wraith (D:9)
  3 wyverns
  2 steam dragons (D:8)
  A water moccasin (D:6)
  A sky beast (D:7)
  3 black bears
  An ice beast (D:6)
  17 orc warriors
  18 centaurs
  3 kobold brigands (D:9)
  3 bullfrogs
  2 scorpions (D:6)
  23 wights
  5 jellies
  A killer bee (D:9)
  2 howler monkeys (D:6)
  An electric eel (D:6)
  A quasit (D:6)
  4 orc priests
  7 hounds
  5 iguanas
  3 orc wizards
  A hell rat (D:8)
  4 gnolls (D:2)
  4 adders
  A river rat (D:8)
  A shadow imp (D:6)
  3 white imps (D:6)
  4 ufetubi
  A worm (D:3)
  14 dart slugs
  59 orcs
  2 endoplasms
  4 giant cockroaches
  12 goblins
  8 hobgoblins
  4 jackals (D:1)
  9 quokkas
  4 ball pythons
  6 bats
  3 frilled lizards (D:1)
  17 kobolds
  5 rats
  A fulminant prism (Bailey)
290 creatures vanquished.

Vanquished Creatures (others)
  33 fulminant prisms
33 creatures vanquished.

Grand Total: 323 creatures vanquished

Notes
Turn   | Place    | Note
-------+----------+-------------------------------------------
     0 | D:1      | Heoruswealwe the Deep Elf Conjurer began the quest for the
                  | Orb.
     0 | D:1      | Reached XP level 1. HP: 10/10 MP: 6/6
   273 | D:1      | Reached XP level 2. HP: 15/15 MP: 3/8
   276 | D:1      | Learned a level 2 spell: Searing Ray
   542 | D:2      | Reached skill level 4 in Spellcasting
   552 | D:2      | Reached skill level 5 in Conjurations
   552 | D:2      | Reached XP level 3. HP: 19/19 MP: 0/10
   743 | D:2      | Reached XP level 4. HP: 16/24 MP: 5/12
   747 | D:2      | Learned a level 3 spell: Dazzling Flash
   752 | D:2      | Learned a level 4 spell: Fulminant Prism
  1253 | D:3      | Reached skill level 5 in Spellcasting
  1358 | D:3      | Found a faded altar of an unknown god.
  1362 | D:3      | Found a hazy altar of Hepliaklqana.
  1506 | D:2      | You fall into a shaft and drop 1 floor!
  1883 | D:3      | Found a faded altar of an unknown god.
  1883 | D:3      | Found a shadowy altar of Dithmenos.
  1896 | D:3      | Found an ancient bone altar of Kikubaaqudgha.
  1898 | D:3      | Found an ornate altar of the Wu Jian Council.
  1900 | D:3      | Found a faded altar of an unknown god.
  2055 | D:4      | Learned a level 3 spell: Hailstorm
  2396 | D:4      | Identified the +3 ring mail "Coshrapnae" {Dex+3 Slay+3}
  2447 | D:4      | Reached XP level 5. HP: 28/28 MP: 9/14
  2637 | D:4      | Reached skill level 6 in Spellcasting
  3157 | D:5      | Entered Level 5 of the Dungeon
  3248 | D:5      | Found a sparkling altar of Nemelex Xobeh.
  3300 | D:5      | Found a staircase to the Ecumenical Temple.
  3307 | D:5      | Reached XP level 6. HP: 32/32 MP: 11/17
  3425 | Temple   | Entered the Ecumenical Temple
  3425 | Temple   | Found a transporter.
  3425 | Temple   | Found a transporter.
  3427 | Temple   | Found a transporter.
  3427 | Temple   | Found a transporter.
  3469 | Temple   | Became a worshipper of Vehumet
  3935 | D:5      | Reached skill level 7 in Spellcasting
  4061 | D:5      | Identified 3 scrolls of acquirement
  4115 | D:5      | Acquired a staff of conjuration
  4120 | D:5      | Acquired the +3 pair of mountain boots {steadfast, rC+}
  4120 | D:5      | Found the +3 pair of mountain boots {steadfast, rC+}
  4127 | D:5      | Acquired the Volume of the Vanishing Wonders
  4134 | D:5      | Learned a level 4 spell: Iskenderun's Mystic Blast
  4598 | D:5      | Found a bloodstained altar of Trog.
  4671 | D:6      | Reached XP level 7. HP: 36/36 MP: 7/20
  4681 | D:6      | Reached skill level 8 in Spellcasting
  4711 | D:5      | Found a glowing silver altar of Zin.
  4835 | D:5      | Found a burning altar of Makhleb.
  4835 | D:5      | Found a basalt altar of Yredelemnul.
  5076 | D:6      | Reached * piety under Vehumet
  5076 | D:6      | Offered knowledge of Sandblast by Vehumet.
  5084 | D:6      | Learned a level 5 spell: Irradiate
  5092 | D:6      | Reached skill level 9 in Spellcasting
  5100 | D:6      | Reached XP level 8. HP: 41/41 MP: 6/23
  5246 | D:6      | Got the Atlas of the Distorted Comitatus
  6155 | D:7      | Reached skill level 10 in Spellcasting
  6560 | D:7      | Reached skill level 11 in Spellcasting
  6560 | D:7      | Reached skill level 10 in Conjurations
  6562 | D:7      | Reached ** piety under Vehumet
  6562 | D:7      | Offered knowledge of Foxfire by Vehumet.
  6565 | D:7      | Learned a level 1 spell: Foxfire
  6572 | D:7      | Learned a level 6 spell: Iron Shot
  6729 | D:7      | Reached XP level 9. HP: 45/45 MP: 18/26
  6997 | D:8      | Found a flagged portal.
  7008 | Bailey   | Entered a bailey
  7373 | Bailey   | Reached skill level 12 in Spellcasting
  7772 | Bailey   | Offered knowledge of Static Discharge by Vehumet.
  7776 | Bailey   | Learned a level 2 spell: Static Discharge
  7880 | Bailey   | Reached skill level 13 in Spellcasting
  7992 | Bailey   | Reached *** piety under Vehumet
  8118 | Bailey   | Reached XP level 10. HP: 43/50 MP: 24/29
  8376 | Bailey   | Learned a level 1 spell: Shock
  8664 | D:8      | Noticed a two-headed ogre
  8668 | D:8      | Killed a two-headed ogre
  8669 | D:8      | Reached skill level 14 in Spellcasting
  8769 | D:8      | Noticed Maurice
  8776 | D:8      | Killed Maurice
  8928 | D:8      | Found a snail-covered altar of Cheibriados.
  8937 | D:8      | Noticed a death yak
  8942 | D:8      | Noticed a death yak
  8943 | D:8      | Noticed a death yak
  8943 | D:8      | Noticed a two-headed ogre
  8944 | D:8      | Killed a death yak
  8948 | D:8      | Killed a death yak
  8948 | D:8      | Offered knowledge of Mephitic Cloud by Vehumet.
  8949 | D:8      | Reached skill level 15 in Spellcasting
  8966 | D:8      | HP: 1/50 [black bear (2)]
  9129 | D:8      | Noticed Joseph
  9140 | D:8      | HP: 1/50 [Joseph/sling bullet (15)]
  9346 | D:8      | Learned a level 3 spell: Mephitic Cloud
  9481 | D:8      | Found a staircase to the Lair.
  9495 | D:8      | Killed Joseph
  9603 | D:8      | Killed a two-headed ogre
  9604 | D:8      | Reached XP level 11. HP: 54/54 MP: 14/32
  9725 | D:8      | Killed a death yak
  9809 | D:8      | Found a snail-covered altar of Cheibriados.
  9840 | D:8      | Found a staircase to the Lair.
 10442 | D:9      | Reached skill level 16 in Spellcasting
 10597 | D:9      | Found a blossoming altar of Fedhas.
 11121 | D:9      | Reached **** piety under Vehumet
 11236 | D:9      | Noticed a two-headed ogre
 11243 | D:9      | Killed a two-headed ogre
 11384 | D:8      | Reached skill level 18 in Spellcasting
 11384 | D:8      | Reached skill level 15 in Conjurations
 11384 | D:8      | Reached XP level 12. HP: 59/59 MP: 33/36
 11401 | D:9      | Offered knowledge of Ignite Poison by Vehumet.
 11724 | D:10     | Entered Level 10 of the Dungeon
 11757 | D:10     | Noticed a two-headed ogre
 11761 | D:10     | Killed a two-headed ogre
 11965 | D:10     | Noticed Gastronok
 11975 | D:10     | Killed Gastronok
 12341 | D:10     | Found Huiroit's Book Shop.
 12372 | D:10     | Bought the Atlas of Frostbitten Oxidation for 544 gold
                  | pieces
 12380 | D:10     | Learned a level 5 spell: Fireball
 12386 | D:10     | Learned a level 5 spell: Freezing Cloud
 12401 | D:10     | Found Exuuzaez's Demolitions Depot.
 12550 | D:11     | Found a transporter.
 12551 | D:11     | Noticed Psyche
 12564 | D:11     | Slain by an unseen horror

Illustrated notes

Levels and vault maps discovered:
D:1:      dpeg_arrival_stone_temple_mockup, layout_rooms, grunt_decor_one_mirror
D:2:      layout_rooms
D:3:      layout_loops_ring, nicolae_overflow_ecumenical_swirl,
          chequers_temple_overflow_minitemple, serial_glass, glass_columns_a,
          glass_columns_a, glass_columns_a, glass_columns_c, glass_columns_b,
          glass_columns_b, glass_columns_b, glass_columns_c, glass_columns_b,
          glass_columns_a
D:4:      kennysheep_slugbush, layout_basic
D:5:      layout_layer_cave, nicolae_overflow_hidden_temple,
          mainiacjoe_overflow_alcove_4, minmay_temple_entry_proselytizer
D:6:      layout_rooms, serial_demonic, serial_demonic_c, serial_demonic_e,
          serial_demonic_f, serial_demonic_c, serial_demonic_f,
          serial_demonic_g, serial_demonic_f
D:7:      layout_basic, minmay_puff
D:8:      minmay_angry_zag, layout_loops_cross,
          mainiacjoe_overflow_concentric_impassable, dpeg_lair_monsters,
          enter_bailey_3, uniq_maurice, uniq_joseph
D:9:      corexii_shack_village, layout_rooms, old_standard_altar,
          hangedman_minor_gate_pass
D:10:     layout_cave_pools, serial_shops, shop, nicolae_blasting_shop,
          uniq_gastronok
D:11:     layout_long_grid, orc_0_dummy, nzn_ghost_randoct, uniq_psyche
Temple:   hellmonk_temple_divided_pantheon

Skill      XL: |  1  2  3  4  5  6  7  8  9 10 11 12 |
---------------+-------------------------------------+-----
Spellcasting   | 4 5 6 7 9 11 13 15 18 | 18.8
Conjurations   | 5 6 7 8 10 12 13 15 16 | 16.3
Dodging        | |  2.4
Stealth        | |  2.4

Action                     |  1- 3 |  4- 6 |  7- 9 | 10-12 || total
---------------------------+-------+-------+-------+-------++-------
  Melee: Staff             |       |       |    11 |     3 ||    14
         War axe           |       |       |     3 |       ||     3
   Cast: Magic Dart        |    62 |   173 |   151 |   108 ||   494
         Searing Ray       |     2 |     4 |    31 |    16 ||    53
         Iskenderun's Myst |       |     1 |    19 |    25 ||    45
         Hailstorm         |       |     1 |     7 |    11 ||    19
         Fulminant Prism   |       |       |    16 |    18 ||    34
         Iron Shot         |       |       |       |    40 ||    40
  Evoke: Wand              |       |       |       |     3 ||     3
    Use: Potion            |     2 |       |       |     6 ||     8
         Scroll            |       |     9 |     5 |    14 ||    28
 Armour: Robe              |     6 |     9 |    11 |    23 ||    49
  Dodge: Dodged            |    11 |    23 |    34 |    53 ||   121
